 Dungeon Crawl Stone Soup version 0.21-b1-21-g86478ac (webtiles) character file.

125 KeeTraxx the Charmwright (level 5, -3/43 HPs)
             Began as a Gnoll Skald on Jan 4, 2018.
             Slain by an orc priest
             ... wielding a +0 flail
              (6 damage)
             ... on level 3 of the Dungeon.
             The game lasted 00:04:01 (1325 turns).

KeeTraxx the Charmwright (Gnoll Skald)              Turns: 1325, Time: 00:04:02

Health: -3/43      AC:  5    Str: 13    XL:     5   Next: 9%
Magic:  0/12       EV: 14    Int: 16    God:
Gold:   55         SH:  0    Dex: 15    Spells: 7/14 levels left

rFire    . . .     SeeInvis .   a - +0 spear
rCold    . . .     Gourm    +   (no shield)
rNeg     . . .     Faith    .   b - +0 leather armour
rPois    +         Spirit   .   (no helmet)
rElec    .         Reflect  .   i - +0 cloak
rCorr    .         Harm     .   (no gloves)
MR       .....                  k - +0 pair of boots
Stlth    ++........             r - amulet of the gourmand
HPRegen  0.14/turn              s - ring of poison resistance
MPRegen  0.13/turn              (no ring)

@: flying, very slightly contaminated
A: distributed training, fangs 1, strong nose
a: no special abilities


You were on level 3 of the Dungeon.
You were full.

You visited 1 branch of the dungeon, and saw 3 of its levels.

You collected 55 gold pieces.

Inventory:

Hand Weapons
 a - a +0 spear (weapon)
Missiles
 l - 11 poisoned needles
Armour
 b - a +0 leather armour (worn)
 i - a +0 cloak (worn)
 k - a +0 pair of boots (worn)
Jewellery
 r - an amulet of the gourmand (around neck)
 s - a ring of poison resistance (left hand)
Scrolls
 e - a scroll of teleportation {unknown}
 g - a scroll of enchant armour {unknown}
 m - 2 scrolls of identify {unknown}
 p - 2 scrolls of fear {unknown}
 q - a scroll of amnesia {unknown}
Potions
 h - a potion of heal wounds {unknown}
 j - 3 potions of flight
 n - a potion of resistance {unknown}
 o - a potion of curing {unknown}
Books
 c - a book of Battle

   Spells                             Type                      Level
   a - Infusion                       Charms                       1
   b - Shroud of Golubria             Charms/Translocation         2
   c - Song of Slaying                Charms                       2
   d - Spectral Weapon                Hexes/Charms                 3
   e - Regeneration                   Charms/Necromancy            3
Comestibles
 d - 7 rations


   Skills:
 + Level 4.7 Fighting
 + Level 1.3 Short Blades
 + Level 1.3 Long Blades
 + Level 1.3 Axes
 + Level 1.3 Maces & Flails
 + Level 4.7 Polearms
 + Level 1.3 Staves
 + Level 1.3 Slings
 + Level 1.3 Bows
 + Level 1.3 Crossbows
 + Level 1.3 Throwing
 + Level 2.8 Armour
 + Level 4.7 Dodging
 + Level 1.3 Stealth
 + Level 1.3 Shields
 + Level 1.3 Unarmed Combat
 + Level 5.1 Spellcasting
 + Level 1.0 Conjurations
 + Level 1.0 Hexes
 + Level 5.5 Charms
 + Level 1.0 Summonings
 + Level 1.0 Necromancy
 + Level 1.0 Translocations
 + Level 1.0 Transmutations
 + Level 1.0 Fire Magic
 + Level 1.0 Ice Magic
 + Level 1.0 Air Magic
 + Level 1.0 Earth Magic
 + Level 1.0 Poison Magic
 + Level 1.4 Invocations
 + Level 1.3 Evocations


You had 7 spell levels left.
You knew the following spells:

 Your Spells              Type           Power        Failure   Level  Hunger
a - Infusion              Chrm           ###.         1%          1    None
b - Regeneration          Chrm/Necr      ##........   14%         3    ###....
c - Spectral Weapon       Hex/Chrm       ##......     14%         3    ###....


Dungeon Overview and Level Annotations

Branches:
Dungeon (3/15)

Altars:
Uskayaw
The Shining One


Innate Abilities, Weirdness & Mutations

Your experience applies equally to all skills.
You have very sharp teeth.
Your uncanny sense of smell can sniff out nearby items.


Message History

The orc wizard gestures at you while chanting.
The puff of frost hits you!
* * * LOW HITPOINT WARNING * * *
It was a potion of flight.
You feel very buoyant.
You fly up into the air.
The orc priest looks encouraged for a moment.
The orc wizard barely misses you.
Casting: Spectral Weapon
Confirm with . or Enter, or press ? or * to list all spells.
You miscast Spectral Weapon.
You are very lightly contaminated with residual magic.
Multicoloured lights dance before your eyes!
The orc wizard misses you.
Casting: Spectral Weapon
Confirm with . or Enter, or press ? or * to list all spells.
You don't have enough magic to cast that spell.
Unknown command.
You closely miss the orc priest. The orc priest hits you with a flail.
You die...

#.............
#.........>... .
#.#.......... ..
#.#_)........ ...
#.#......### ....
#........# .$...
#........# ####......
#..8.8.8.###..oo.....
#.......@#..s###.....
#..###..o#o.### ...
#.# #.....## ! #.
####.## #. #.# #. >..
... .... .....


You could see an orc priest and an orc wizard.

Vanquished Creatures
  A bullfrog skeleton (D:2)
  3 adders
  2 oozes
  A worm (D:2)
  A dart slug (D:2)
  5 leopard geckos
  3 ball pythons
  2 bats (D:2)
  3 giant cockroaches
  6 hobgoblins
  A quokka (D:2)
  4 frilled lizards
  9 goblins
  8 kobolds
  3 rats
52 creatures vanquished.

Vanquished Creatures (others)
  2 spectral weapons
2 creatures vanquished.

Grand Total: 54 creatures vanquished

Notes
Turn   | Place    | Note
-------+----------+-------------------------------------------
     0 | D:1      | KeeTraxx the Gnoll Skald began the quest for the Orb.
     0 | D:1      | Reached XP level 1. HP: 20/20 MP: 6/6
   248 | D:1      | Reached XP level 2. HP: 26/26 MP: 7/7
   580 | D:1      | Reached XP level 3. HP: 31/31 MP: 9/9
   585 | D:1      | Learned a level 3 spell: Regeneration
   589 | D:1      | Learned a level 3 spell: Spectral Weapon
   663 | D:1      | Reached skill level 5 in Spellcasting
   800 | D:2      | Found a glowing golden altar of the Shining One.
   828 | D:2      | Reached skill level 1 in Short Blades
   828 | D:2      | Reached skill level 1 in Long Blades
   828 | D:2      | Reached skill level 1 in Axes
   828 | D:2      | Reached skill level 1 in Maces & Flails
   828 | D:2      | Reached skill level 1 in Staves
   828 | D:2      | Reached skill level 1 in Slings
   828 | D:2      | Reached skill level 1 in Bows
   828 | D:2      | Reached skill level 1 in Crossbows
   828 | D:2      | Reached skill level 1 in Throwing
   828 | D:2      | Reached skill level 1 in Stealth
   828 | D:2      | Reached skill level 1 in Shields
   828 | D:2      | Reached skill level 1 in Unarmed Combat
   828 | D:2      | Reached skill level 1 in Invocations
   828 | D:2      | Reached skill level 1 in Evocations
   828 | D:2      | Reached XP level 4. HP: 26/38 MP: 4/11
  1008 | D:2      | Reached skill level 1 in Conjurations
  1008 | D:2      | Reached skill level 1 in Hexes
  1008 | D:2      | Reached skill level 1 in Summonings
  1008 | D:2      | Reached skill level 1 in Necromancy
  1008 | D:2      | Reached skill level 1 in Translocations
  1008 | D:2      | Reached skill level 1 in Transmutations
  1008 | D:2      | Reached skill level 1 in Fire Magic
  1008 | D:2      | Reached skill level 1 in Ice Magic
  1008 | D:2      | Reached skill level 1 in Air Magic
  1008 | D:2      | Reached skill level 1 in Earth Magic
  1008 | D:2      | Reached skill level 1 in Poison Magic
  1246 | D:3      | Found a hide-covered altar of Uskayaw.
  1308 | D:3      | Reached XP level 5. HP: 38/43 MP: 1/12
  1325 | D:3      | Slain by an orc priest

Skill      XL: |  1  2  3  4 |
---------------+-------------+-----
Spellcasting   | 5 |  5.1
Short Blades   | 1 |  1.3
Long Blades    | 1 |  1.3
Axes           | 1 |  1.3
Maces & Flails | 1 |  1.3
Staves         | 1 |  1.3
Slings         | 1 |  1.3
Bows           | 1 |  1.3
Crossbows      | 1 |  1.3
Throwing       | 1 |  1.3
Stealth        | 1 |  1.3
Shields        | 1 |  1.3
Unarmed Combat | 1 |  1.3
Invocations    | 1 |  1.4
Evocations     | 1 |  1.3
Conjurations   | 1 |  1.0
Hexes          | 1 |  1.0
Summonings     | 1 |  1.0
Necromancy     | 1 |  1.0
Translocations | 1 |  1.0
Transmutations | 1 |  1.0
Fire Magic     | 1 |  1.0
Ice Magic      | 1 |  1.0
Air Magic      | 1 |  1.0
Earth Magic    | 1 |  1.0
Poison Magic   | 1 |  1.0
Fighting       | |  4.7
Polearms       | |  4.7
Armour         | |  2.8
Dodging        | |  4.7
Charms         | |  5.5

Action                   |  1- 3 |  4- 6 || total
-------------------------+-------+-------++-------
Melee: Spear             |    96 |    71 ||   167
       Bite              |     8 |     6 ||    14
 Cast: Spectral Weapon   |     3 |    10 ||    13
       Regeneration      |       |     2 ||     2
  Use: Potion            |       |     1 ||     1
 Stab: Sleeping          |     1 |       ||     1
       Distracted        |       |     1 ||     1
  Eat: Chunk             |       |    14 ||    14
Armor: Leather armour    |    16 |     7 ||    23
Dodge: Dodged            |    40 |    25 ||    65
